AoeStats
← JON

African Clearing

510923394Analyzed
4v4 RM · 17h ago on Oct 3, 2026· 58m 18s· 8 players
Game mode
Random Map
Map size
Large (8 player)
Population
200
Speed
Normal
Resources
Standard
Victory
Conquest
Starting age
Dark Age
Ending age
Imperial Age
RankedLock teamsTeams togetherTeam positionsShared explorationLock speedFull tech treeHidden civsTurbo modeCheats
Victory
Defeat
🇺🇸 Magyars · United States
1313
+12
🇺🇸 Varangians · United States
1298
+12
🇧🇩 Koreans · Bangladesh
1231
+15
🇺🇸 Persians · United States
1145
+19
🇺🇸 Spanish · United States
1259
-16
🇺🇸 Dravidians · United States
1252
-16
🇲🇽 Khmer · Mexico
1171
-13
🇺🇸 Malians · United States
1166
-13
J. C. Maxwell
10:16 Loom
16:02 Feudal Age
17:02 Double-Bit Axe
17:53 Horse Collar
21:38 Castle Age
19:50 Gold Mining
20:43 Fletching
21:55 Crossbowman
22:33 Bodkin Arrow
22:57 Bow Saw
22:49 Heavy Plow
25:02 Ballistics
25:28 Wheelbarrow
26:43 Thumb Ring
26:52 Town Watch
30:42 Hand Cart
37:12 Imperial Age
37:27 Stone Mining
38:16 Gold Shaft Mining
37:23 Capped Ram
38:11 Bracer
37:34 Arbalester
39:42 Chemistry
40:47 Stone Shaft Mining
42:15 Conscription
42:35 Arrowslits
43:02 Masonry
43:29 Treadmill Crane
44:49 Eupseong
52:02 Heavy Rocket Cart
52:57 Siege Engineers
53:23 Architecture
56:36 Town Patrol
JON
3:57 Loom
12:16 Feudal Age
20:10 Horse Collar
20:17 Double-Bit Axe
22:39 Wheelbarrow
28:28 Castle Age
27:37 Scale Barding Armor
27:56 Gold Mining
29:57 Chain Barding Armor
32:44 Bloodlines
32:34 Husbandry
35:55 Heavy Plow
38:26 Bow Saw
45:08 Imperial Age
42:44 Town Watch
43:28 Hand Cart
44:45 Gold Shaft Mining
44:01 Stone Mining
45:14 Cavalier
47:16 Plate Barding Armor
47:28 Conscription
47:31 Paladin
50:23 Fletching
52:02 Two-Man Saw
51:33 Crop Rotation
53:00 Light Cavalry
54:42 Bodkin Arrow
54:54 Padded Archer Armor
55:18 Hussar
56:24 Thumb Ring
55:40 Crossbowman
56:21 Bracer
56:37 Leather Archer Armor
PAINTER
12:41 Feudal Age
10:58 Loom
13:13 Double-Bit Axe
30:26 Castle Age
30:48 Gambesons
36:58 Wheelbarrow
37:49 Horse Collar
40:14 Hand Cart
40:57 Bow Saw
41:46 Gold Mining
42:40 Stone Mining
43:30 Heavy Plow
43:52 Scale Barding Armor
44:17 Forging
46:44 Chain Barding Armor
49:06 Imperial Age
47:33 Gold Shaft Mining
48:00 Iron Casting
47:32 Husbandry
48:38 Stone Shaft Mining
48:46 Cavalier
49:37 Bloodlines
49:32 Husbandry
50:39 Conscription
51:11 Bloodlines
51:44 Plate Barding Armor
51:50 Savar
53:43 Blast Furnace
54:17 Chemistry
53:38 Ballistics
53:31 Kamandaran
55:15 Padded Archer Armor
55:26 Murder Holes
55:57 Crossbowman
56:44 Thumb Ring
56:30 Fletching
56:56 Leather Archer Armor
59:15 Ring Archer Armor
[MOO] eldoomba
14:06 Feudal Age
17:42 Castle Age
15:29 Double-Bit Axe
16:39 Fletching
19:04 Bow Saw
18:51 Loom
19:46 Bodkin Arrow
19:52 Padded Archer Armor
21:26 Leather Archer Armor
25:09 Ballistics
27:23 Wheelbarrow
30:36 Bloodlines
30:27 Husbandry
32:10 Hand Cart
31:41 Town Watch
34:53 Imperial Age
32:16 Horse Collar
34:57 Cranequins
35:23 Heavy Mounted Crossbowman
36:36 Bracer
37:02 Heavy Plow
38:32 Gold Mining
41:13 Conscription
43:47 Two-Man Saw
43:56 Chemistry
42:51 Light Cavalry
43:22 Cavalier
44:11 Scale Barding Armor
44:17 Forging
43:42 Hussar
44:27 Vendel Legacy
45:55 Chain Barding Armor
46:21 Ring Archer Armor
51:31 Plate Barding Armor
51:31 Iron Casting
58:32 Blast Furnace
TheGallant"CTH"
12:10 Loom
12:29 Loom
14:49 Feudal Age
14:52 Man-at-Arms
16:05 Arson
18:04 Double-Bit Axe
18:01 Horse Collar
24:09 Castle Age
24:15 Wheelbarrow
24:52 Fletching
26:02 Bodkin Arrow
28:59 Bow Saw
29:58 Padded Archer Armor
30:20 Ballistics
34:44 Leather Archer Armor
35:23 Hand Cart
37:19 Elite Skirmisher
38:04 Thumb Ring
38:31 Heavy Plow
38:28 Gold Mining
38:29 Stone Mining
50:30 Imperial Age
48:57 Town Watch
50:32 Elite Elephant Archer
51:13 Bracer
51:45 Ring Archer Armor
52:24 Stone Mining
53:42 Heavy Scorpion
Enjoyablekandy
12:16 Loom
14:17 Feudal Age
19:47 Castle Age
18:56 Double-Bit Axe
21:21 Bloodlines
23:56 Fishing Lines
24:27 Horse Collar
26:48 Gillnets
30:25 Scale Mail Armor
31:41 Wheelbarrow
31:37 Bow Saw
32:02 Heavy Plow
32:52 Scale Barding Armor
33:07 Husbandry
33:21 Forging
34:44 Chain Barding Armor
34:53 Gold Mining
35:46 Hand Cart
35:17 Town Watch
38:06 Chain Mail Armor
37:58 Stone Mining
38:44 Gold Shaft Mining
37:35 Man-at-Arms
38:16 Squires
38:01 Arson
37:52 Pikeman
38:59 Long Swordsman
40:26 Iron Casting
44:20 Imperial Age
43:03 Stone Shaft Mining
44:15 Tigui
45:00 Town Patrol
44:48 Two-Handed Swordsman
44:52 Elite Gbeto
46:08 Plate Mail Armor
46:52 Fortified Wall
46:27 Champion
50:27 Conscription
51:07 Treadmill Crane
51:38 Masonry
52:18 Cavalier
52:25 Heavy Camel Rider
53:37 Light Cavalry
54:19 Farimba
55:40 Plate Barding Armor
Flave Tycoon
15:50 Feudal Age
16:23 Loom
21:18 Castle Age
31:54 Double-Bit Axe
32:10 Horse Collar
34:00 Wheelbarrow
42:04 Imperial Age
42:56 Hand Cart
44:53 Conscription
44:56 Fletching
45:07 Padded Archer Armor
56:25 Scale Barding Armor
56:30 Forging
ThiranoMarck
4:11 Loom
15:37 Feudal Age
20:36 Castle Age
30:03 Imperial Age
33:01 Chemistry
32:44 Fletching
33:35 Bodkin Arrow
34:57 Ballistics
36:08 Wheelbarrow
35:31 Double-Bit Axe
36:48 Gold Mining
37:47 Bow Saw
38:44 Bracer
40:34 Gold Shaft Mining
40:08 Double Crossbow
43:38 Heavy Scorpion
47:34 Hand Cart
52:17 Forging
52:07 Scale Mail Armor
52:14 Siege Engineers
51:33 Pikeman
53:03 Conscription
53:35 Iron Casting
52:25 Halberdier
Connection lost

Rejoining the realm…

Still unreachable

The connection could not be restored.

Session expired

The server has moved on; the page needs a fresh start.